 Dungeon Sprint DCSS version 0.17-a0-1946-gfb768fe (webtiles) character file.

245 esc the Thaumaturge (level 5, -22/34 HPs)
             Began as a Deep Elf Fire Elementalist on Oct 1, 2015.
             Was an Elder of Vehumet.
             Killed from afar by a deep elf mage (23 damage)
             ... with a stone arrow
             ... in the Dungeon (Sprint V: "Ziggurat Sprint").
             The game lasted 00:05:44 (427 turns).

esc the Thaumaturge (Deep Elf Fire Elementalist)     Turns: 427, Time: 00:05:44

Health: -22/34     AC:  5    Str:  5    XL:     5   Next: 83%
Magic:  13/17      EV: 16    Int: 33    God:    Vehumet [****..]
Gold:   0          SH:  0    Dex: 15    Spells: 1 memorised, 19 levels left

rFire  . . .     SeeInvis .     C - staff of energy {@w1+MP, hungerless spells, !d!a}
rCold  . . .     Clarity  .     a - +0 robe
rNeg   . . .     SustAt   .     (no shield)
rPois  .         Gourm    .     (no helmet)
rElec  .         Spirit   .     (no cloak)
rCorr  .         Warding  .     (no gloves)
rMut   .         NoTele   +     P - +2 pair of boots of the Assassin {DetectMon Stab+ Stlth++}
MR     .....                    (no amulet)
Stlth  ++++......               H - +6 ring of intelligence
                                G - +6 ring of intelligence

@: not resistant to hostile enchantments, stealthy
A: no striking features
a: Renounce Religion


You were in the Dungeon.
You worshipped Vehumet.
Vehumet was greatly pleased with you.
You were not hungry.

You visited 1 branch

Inventory:

Hand weapons
 M - the +4 dagger "Morg" {pain, MR+ Int+5}
   (You found it in the Dungeon)

   In the hands of one skilled in necromantic magic, it inflicts extra damage on
   living creatures.
   It affects your intelligence (+5).
   It affects your resistance to hostile enchantments.
Armour
 a - a +0 robe (worn)
 L - the +18 shield of the gong {rElec rN+ MR+ EV-5}
   (You found it in the Dungeon)

   It affects your evasion (-5).
   It insulates you from electricity.
   It protects you from negative energy.
   It affects your resistance to hostile enchantments.
 P - the +2 pair of boots of the Assassin (worn) {DetectMon Stab+ Stlth++}
   (You found it in the Dungeon)

   It makes you much more stealthy.
Magical staves
 C - an uncursed staff of energy (weapon) {@w1+MP, hungerless spells, !d!a}
   (You found it in the Dungeon)
 Q - an uncursed staff of air {rElec}
   (You found it in the Dungeon)
Jewellery
 E - a +6 ring of dexterity
   (You found it in the Dungeon)
 F - a +6 ring of dexterity
   (You found it in the Dungeon)
 G - a +6 ring of intelligence (left hand)
   (You found it in the Dungeon)
 H - a +6 ring of intelligence (right hand)
   (You found it in the Dungeon)
 I - a +6 ring of strength
   (You found it in the Dungeon)
 J - a +6 ring of strength
   (You found it in the Dungeon)
 N - an uncursed ring of poison resistance {rPois, !d}
   (You found it in the Dungeon)
Magical devices
 y - a wand of disintegration (7)
   (You found it in the Dungeon)
 z - a wand of fire (4)
   (You found it in the Dungeon)
 A - a wand of cold (5)
   (You found it in the Dungeon)
 B - a wand of draining (4)
   (You found it in the Dungeon)
Scrolls
 i - 4 scrolls of blinking {!r}
 p - 4 scrolls of amnesia
 q - 3 scrolls of recharging
 r - 7 scrolls of fog
 s - a scroll of holy word {!r}
 t - 5 scrolls of identify
 u - 5 scrolls of remove curse
 v - 2 scrolls of fear
Potions
 d - 10 potions of curing
 e - 10 potions of heal wounds
 f - 6 potions of haste
 g - 7 potions of magic
 h - 3 potions of berserk rage {!q}
 j - 2 potions of brilliance
 k - 2 potions of invisibility
 l - 4 potions of resistance
 n - 5 potions of agility
 o - 5 potions of might
Books
 b - a book of Flames
Miscellaneous
 m - a fan of gales (inert)
   (You found it in the Dungeon)
 D - a crystal ball of energy
   (You found it in the Dungeon)
 K - a disc of storms
   (You found it in the Dungeon)
 O - a lamp of fire
   (You found it in the Dungeon)
 R - a lantern of shadows
   (You found it in the Dungeon)
Comestibles
 c - 5 bread rations {@e1}
 w - 42 fruits
 x - 4 meat rations {@e2}


   Skills:
 + Level 4.5 Fighting
 + Level 7.2 Dodging
 - Level 2.4 Stealth
 + Level 8.0 Spellcasting
 + Level 6.2 Conjurations
 + Level 7.2 Fire Magic


You had 19 spell levels left.
You knew the following spells:

 Your Spells              Type           Power        Failure   Level  Hunger
a - Flame Tongue          Conj/Fire      #####        1%          1    None


Dungeon Overview and Level Annotations

Branches:
Dungeon (1/1)

Altars:
Ashenzari
Cheibriados
Dithmenos
Elyvilon
Fedhas
Gozag
Kikubaaqudgha
Makhleb
Nemelex Xobeh
Okawaru
Qazlal
Ru
Sif Muna
Trog
Vehumet
Xom
Yredelemnul
Zin
The Shining One
Beogh
Jiyva
Lugonu


Message History

The ufetubus shouts!
You now have 13/14 mp.
Aim: a shadow imp (almost dead)
The flame tongue hits the shadow imp.
You kill the shadow imp!
Vehumet accepts your kill.
Vehumet is aiding your destructive magics.
The ufetubus closely misses you. The ufetubus misses you.
You now have 12/14 mp.
Aim: an ufetubus The flame tongue hits the ufetubus.
The ufetubus is burned terribly!
You kill the ufetubus!
Vehumet accepts your kill.
Your Fire Magic skill increases to level 6!
The ufetubus misses you. The ufetubus hits you.
You take 5 damage, and have 23/28 hp.
You now have 11/14 mp.
Aim: an ufetubus The flame tongue hits the ufetubus.
The ufetubus appears unharmed.
The ufetubus hits you. x2
You take 6 damage, and have 17/28 hp.
MASSIVE DAMAGE!!
You now have 10/14 mp.
Aim: an ufetubus The flame tongue hits the shadow imp.
You kill the shadow imp!
Vehumet accepts your kill.
You feel your power returning.
Your Conjurations skill increases to level 5!
Aim: an ufetubus The flame tongue hits the ufetubus.
The ufetubus is burned terribly!
The ufetubus hits you. x2
The ufetubus barely misses you. The ufetubus hits you.
You take 5 damage, and have 12/28 hp.
You now have 9/14 mp.
Aim: an ufetubus (severely wounded)
The flame tongue hits the ufetubus.
The ufetubus is burned terribly!
You kill the ufetubus!
Vehumet accepts your kill.
You feel your power returning.
Your Dodging skill increases to level 6!
P - the +2 pair of boots of the Assassin {DetectMon Stab+ Stlth++} Wear which item? (? for menu, Esc to quit)
You start putting on your armour.
You continue putting on the +2 pair of boots of the Assassin {DetectMon Stab+ Stlth++}. x4
You finish putting on the +2 pair of boots of the Assassin {DetectMon Stab+ Stlth++}.
You see here the cursed +1 rapier "Goidwoo" {venom, Str+3 Dex-4 SInv Stlth+}.
Q - an uncursed staff of air {rElec}
R - a lantern of shadows
Okay, then.
You see here the cursed +1 rapier "Goidwoo" {venom, Str+3 Dex-4 SInv Stlth+}.
You start resting.
Health restored: 28; MP restored: 14 Drink which item? (? for menu, Esc to quit)
Okay, then.
Your surroundings seem different!
Welcome to arena 5.
A deep elf fighter, 3 deep elf magi and a deep elf conjurer come into view.
Aim the lamp in which direction?
Aim: a deep elf mage, wielding a short sword (resting)
The trail of fire hits the deep elf conjurer.
The deep elf conjurer shouts!
You see a puff of smoke.
The deep elf conjurer is engulfed in roaring flames.
Aim: a deep elf mage, wielding a short sword (hasn't noticed you)
The bolt of negative energy hits the deep elf mage.
The deep elf mage is drained!
The deep elf mage shouts!
The bolt of negative energy hits the deep elf mage.
The deep elf mage is drained!
This wand has 4 charges left.
The deep elf mage shouts!
The deep elf fighter shouts!
Aim: a deep elf mage, wielding a short sword (moderately wounded, lightly drained)
The flame tongue hits the deep elf mage.
You kill the deep elf mage!
Vehumet accepts your kill. Vehumet offers you knowledge of Freeze.
Vehumet is extending the range of your destructive magics.
Your Fighting skill increases to level 4!
Your Dodging skill increases to level 7!
Your Spellcasting skill gained 2 levels and is now at level 8!
Your Conjurations skill increases to level 6!
Your Fire Magic skill increases to level 7!
You have reached level 5!
Your lamp of fire has recharged.
The deep elf fighter gestures wildly while chanting.
The deep elf fighter flickers and vanishes!
Deactivating autopickup; reactivate with Ctrl-A.
The deep elf mage gestures at you while chanting.
The stone arrow hits you!
Ouch! That really hurt!
* * * LOW HITPOINT WARNING * * *
You take 24 damage, and have 4/34 hp.
MASSIVE DAMAGE!!
You now have 13/17 mp.
A fierce wind blows from the fan.
The deep elf conjurer is blown away by the wind.
The winds coalesce and take form.
A magic dart appears from out of thin air!
The magic dart hits you!
* * * LOW HITPOINT WARNING * * *
The deep elf mage points at you and mumbles some strange words.
The stone arrow hits you!
Ouch! That really hurt!
You die...

▓.....▓.....▓▓▓▓▓▓▓
▓▓▓▓▓▓▓▓▓▓▓▓▓▓▓▓▓▓▓
▓..8©8...▓..8©8...▓
▓...)....▓..[)|...▓
▓........▓..}.e...▓
▓........▓.e{)....▓
▓........▓...e....▓
▓........▓E▓....▓.▓
▓........▓...@....▓
▓▓▓▓▓▓▓▓▓▓▓▓▓▓▓▓▓▓▓
{{{ {{{


You could see a deep elf conjurer, 2 deep elf magi and a friendly air elemental.

Vanquished Creatures
  A deep elf mage (D)
  2 orc priests (D)
  2 shadow imps (D)
  2 ufetubi (D)
  3 oozes (D)
  An adder zombie (D)
  A bat skeleton (D)
  A jackal skeleton (D)
  A jackal zombie (D)
14 creatures vanquished.

Vanquished Creatures (others)
  2 spatial maelstroms (D)
2 creatures vanquished.

Grand Total: 16 creatures vanquished

Notes
Turn   | Place    | Note
--------------------------------------------------------------
     0 | D        | esc the Deep Elf Fire Elementalist began the quest for the Orb.
     0 | D        | Reached XP level 1. HP: 10/10 MP: 6/6
     0 | D        | Found a roughly hewn altar of Beogh.
     0 | D        | Found a corrupted altar of Lugonu.
     0 | D        | Found a viscous altar of Jiyva.
     0 | D        | Found a white marble altar of Elyvilon.
     0 | D        | Found a sparkling altar of Nemelex Xobeh.
     0 | D        | Found a burning altar of Makhleb.
     0 | D        | Found an iron altar of Okawaru.
     0 | D        | Found a deep blue altar of Sif Muna.
     0 | D        | Found a radiant altar of Vehumet.
     0 | D        | Found a bloodstained altar of Trog.
     0 | D        | Found a shimmering altar of Xom.
     0 | D        | Banished a spatial maelstrom
     8 | D        | Banished a spatial maelstrom
    28 | D        | Became a worshipper of Vehumet
    36 | D        | Reached skill level 2 in Fighting
    36 | D        | Reached skill level 4 in Dodging
    36 | D        | Reached skill level 5 in Spellcasting
    36 | D        | Reached skill level 3 in Conjurations
    36 | D        | Reached skill level 4 in Fire Magic
    36 | D        | Reached XP level 2. HP: 13/18 MP: 7/10
   122 | D        | Entered arena 1.
   122 | D        | Noticed an orc priest
   122 | D        | Noticed an orc priest
   123 | D        | Killed an orc priest
   123 | D        | Reached skill level 5 in Dodging
   123 | D        | Reached skill level 4 in Conjurations
   123 | D        | Reached skill level 5 in Fire Magic
   123 | D        | Reached XP level 3. HP: 22/22 MP: 12/12
   123 | D        | Killed an orc priest
   123 | D        | Reached skill level 3 in Fighting
   123 | D        | Reached skill level 6 in Spellcasting
   137 | D        | Entered arena 2.
   143 | D        | Acquired Vehumet's first power
   143 | D        | Offered knowledge of Shock by Vehumet.
   145 | D        | Reached XP level 4. HP: 28/28 MP: 8/14
   198 | D        | Entered arena 3.
   213 | D        | Got the +2 pair of gloves of the Lonely Wonders {Str+2 Int-5 Slay+3}
   216 | D        | Got the +3 chain mail of the Princeling {rF+}
   242 | D        | Entered arena 4.
   244 | D        | Acquired Vehumet's second power
   245 | D        | Reached skill level 6 in Fire Magic
   247 | D        | Reached skill level 5 in Conjurations
   249 | D        | Reached skill level 6 in Dodging
   423 | D        | Entered arena 5.
   423 | D        | Noticed a deep elf conjurer
   423 | D        | Noticed a deep elf mage
   423 | D        | Noticed a deep elf mage
   423 | D        | Noticed a deep elf fighter
   423 | D        | Noticed a deep elf mage
   426 | D        | Killed a deep elf mage
   426 | D        | Offered knowledge of Freeze by Vehumet.
   426 | D        | Acquired Vehumet's third power
   426 | D        | Reached skill level 4 in Fighting
   426 | D        | Reached skill level 7 in Dodging
   426 | D        | Reached skill level 8 in Spellcasting
   426 | D        | Reached skill level 6 in Conjurations
   426 | D        | Reached skill level 7 in Fire Magic
   426 | D        | Reached XP level 5. HP: 31/34 MP: 13/17
   426 | D        | HP: 4/34 [deep elf mage/stone arrow (27)]
   427 | D        | HP: 1/34 [something/magic dart (3)]
   427 | D        | Killed from afar by a deep elf mage

Vault maps used:
D:        sprint_v

Action                   |  1- 3 |  4- 6 || total
-------------------------+-------+-------++-------
 Cast: Flame Tongue      |     4 |    18 ||    22
Evoke: Wand              |     1 |     1 ||     2
       Lamp of fire      |       |     1 ||     1
       Fan of gales      |       |     1 ||     1
  Use: Potion            |     1 |       ||     1

Vault maps used:
D:        sprint_v

Table legend:
 A = Turns spent in this place as a percentage of turns spent in the entire game.
 B = Non-inter-level travel turns spent in this place as a percentage of non-inter-level travel turns spent in the entire game.
 C = Inter-level travel turns spent in this place as a percentage of turns spent in this place.
 D = Turns resting spent in this place as a percentage of non-inter-level travel turns spent in this place.
 E = Turns spent auto-exploring this place as a percentage of non-inter-level travel turns spent in this place.
 F = Non-inter-level travel turns spent in this place divided by the number of levels of this place that you've seen.
                   A       B       C       D       E      F
               +-------+-------+-------+-------+-------+----------------------
         Total | 100.0 | 100.0 |   0.0 |   8.9 |   0.0 | 135.0
       Dungeon | 100.0 | 100.0 |   0.0 |   8.9 |   0.0 | 135.0
               +-------+-------+-------+-------+-------+----------------------

Table legend:
 A = Kills in this place as a percentage of kills in entire the game.
 B = Kills by you in this place as a percentage of kills by you in the entire game.
 C = Kills by friends in this place as a percentage of kills by friends in the entire game.
 D = Other kills in this place as a percentage of other kills in the entire game.
 E = Experience gained in this place as a percentage of experience gained in the entire game.
 F = Experience gained in this place divided by the number of levels of this place that you have seen.
                   A       B       C       D       E      F
               +-------+-------+-------+-------+-------+----------------------
         Total | 100.0 | 100.0 |  -nan |  -nan | 100.0 | 338.0
       Dungeon | 100.0 | 100.0 |  -nan |  -nan | 100.0 | 338.0
               +-------+-------+-------+-------+-------+----------------------
